 Dungeon Crawl Stone Soup version 0.28-b1-25-g9875b3fc8c (webtiles) character file.

Game seed: 16798091797161214860

7375 cayde69 the Cleaver (level 10, -4/94 HPs)
             Began as a Deep Dwarf Fighter on Feb 2, 2022.
             Was a Priest of Makhleb.
             Slain by a nine-headed hydra (6 damage)
             ... on level 9 of the Dungeon.
             The game lasted 00:22:55 (6520 turns).

cayde69 the Cleaver (Deep Dwarf Fighter)            Turns: 6520, Time: 00:22:55

Health: -4/94      AC:  9    Str: 24    XL:     10   Next: 92%
Magic:  20/20 (2)  EV: 10    Int:  9    God:    Makhleb [***...]
Gold:   631        SH:  5    Dex: 12    Spells: 14/14 levels left

rFire   . . .      SeeInvis .   t - +9 hand axe "Ogrebane" {holy, +Blink rC+}
rCold   + . .      Faith    .   c - +0 buckler
rNeg    . . .      Spirit   .   b - +0 scale mail
rPois   .          Reflect  .   (no helmet)
rElec   .          Harm     .   (no cloak)
rCorr   .          Rampage  .   j - +0 pair of gloves
Will    +....                   (no boots)
Stlth   ..........              (no amulet)
HPRegen 0.00/turn               n - ring of magical power
MPRegen 0.17/turn               v - ring of magical power

@: mighty, about to teleport
A: damage resistance, heal wounds, sense surroundings 2, no regeneration
a: Heal Wounds, Renounce Religion, Evoke Blink, Minor Destruction, Lesser
Servant of Makhleb


You were on level 9 of the Dungeon.
You worshipped Makhleb.
Makhleb was most pleased with you.
You visited 1 branch of the dungeon, and saw 9 of its levels.

You collected 631 gold pieces.

Inventory:

Hand Weapons
 t - the +9 hand axe "Ogrebane" (weapon) {holy, +Blink rC+}
   (You found it on level 4 of the Dungeon)

   It has been blessed by the Shining One to cause great damage to the undead
   and demons.
   rC:        It protects you from cold.
   +Blink:    It lets you blink.
 y - the +7 rapier of the Puffin {freeze, rF+ rN+ Will- Str+2}
   (You found it on level 6 of the Dungeon)

   It freezes those it strikes, dealing additional cold damage.
   It can also slow down cold-blooded creatures.
   Str:       It affects your strength (+2).
   rF:        It protects you from fire.
   rN:        It protects you from negative energy.
   Will:      It decreases your willpower.
Missiles
 a - 150 stones
 q - 33 bolts
 z - 2 throwing nets
Armour
 b - a +0 scale mail (worn)
 c - a +0 buckler (worn)
 j - a +0 pair of gloves (worn)
Magical Staves
 u - a staff of poison
Jewellery
 n - a ring of magical power (left hand)
 v - a ring of magical power (right hand)
Wands
 k - a wand of acid (12)
 s - a wand of polymorph (5)
 D - a wand of paralysis (7)
 G - a wand of mindburst (20)
Scrolls
 d - 2 scrolls of amnesia
 e - 2 scrolls of enchant weapon
 i - a scroll of blinking {unknown}
 l - 2 scrolls of teleportation
 m - a scroll of noise {unknown}
 x - a scroll of torment {unknown}
 H - 2 scrolls of identify
Potions
 g - 2 potions of curing {unknown}
 h - 2 potions of heal wounds
 o - a potion of berserk rage {unknown}
 p - 2 potions of invisibility {unknown}
 r - a potion of brilliance {unknown}
 w - 3 potions of haste {unknown}
 A - a potion of resistance {unknown}
 B - a potion of mutation {unknown}
 C - a potion of attraction {unknown}
 E - 2 potions of lignification {unknown}
 I - a potion of degeneration {unknown}


   Skills:
 * Level 7.2 Fighting
 + Level 12.6 Axes
 + Level 8.6 Armour
 - Level 2.8 Dodging
 - Level 1.1 Stealth
 - Level 5.1 Shields
 * Level 2.6 Spellcasting
 * Level 4.2 Earth Magic
 + Level 1.0 Evocations


You had 14 spell levels left.
You didn't know any spells.
Your spell library contained the following spells:

 Spells                   Type           Power      Damage    Failure   Level
 Animate Skeleton         Necr           2%         N/A       65%         1
 Apportation              Tloc           2%         N/A       65%         1
 Summon Small Mammal      Summ           4%         N/A       65%         1
 Blink                    Tloc           2%         N/A       80%         2
 Corpse Rot               Necr/Air       2%         N/A       80%         2
 Scorch                   Fire           2%         2d5       80%         2
 Static Discharge         Conj/Air       1%         N/A       80%         2
 Confusing Touch          Hex            1%         N/A       95%         3
 Gell's Gravitas          Tloc           1%         N/A       95%         3
 Lesser Beckoning         Tloc           1%         N/A       95%         3
 Teleport Other           Tloc           1%         N/A       95%         3
 Dispel Undead            Necr           1%         3d6       100%        4
 Flame Wave               Conj/Fire      1%         2d4       100%        4
 Sticky Flame             Conj/Fire      1%         2d3       100%        4
 Fireball                 Conj/Fire      0%         3d3       100%        5
 Manifold Assault         Tloc           1%         N/A       100%        5
 Yara's Violent Unravell  Hex/Tmut       0%         3d3       100%        5
 Death Channel            Necr           0%         N/A       100%        6
 Dispersal                Tloc           0%         N/A       100%        6
 Starburst                Conj/Fire      0%         6d3       100%        6
 Summon Cactus Giant      Summ           0%         N/A       100%        6
 Enfeeble                 Hex            0%         N/A       100%        7
 Ignition                 Fire           0%         3d3       100%        8


Dungeon Overview and Level Annotations

Branches:
Dungeon (9/15)             Temple (0/1) D:6            Lair (0/6) D:9
    Orc: D:9-12

Altars:
Ashenzari
Dithmenos
Gozag
Makhleb
Wu Jian
Yredelemnul
Zin

Shops:
D:5 ?


Innate Abilities, Weirdness & Mutations

You are resistant to damage.
You can heal yourself by infusing magical energy.
You passively map the area around you.
You do not regenerate.


Message History

Your centaur shoots an arrow.
The arrow hits the eight-headed hydra!
The eight-headed hydra bites you but does no damage.
The eight-headed hydra misses you. The eight-headed hydra bites you!
The eight-headed hydra closely misses you. x2
The eight-headed hydra bites you! x3
You hack one of the eight-headed hydra's heads off!
The seven-headed hydra grows two more!
You slice the nine-headed hydra!!
The nine-headed hydra is moderately wounded.
You block the nine-headed hydra's attack.
The nine-headed hydra barely misses you.
The nine-headed hydra bites you! The nine-headed hydra bites you.
The nine-headed hydra bites you! The nine-headed hydra bites you.
The nine-headed hydra bites you but does no damage. x3
You feel much better.
The nine-headed hydra bites you but does no damage.
The nine-headed hydra bites you! x3
The nine-headed hydra closely misses you.
The nine-headed hydra bites you!
You block the nine-headed hydra's attack.
The nine-headed hydra bites you but does no damage.
The nine-headed hydra bites you!
* * * LOW HITPOINT WARNING * * *
Your magical essence is drained by the effort!
You feel much better. The nine-headed hydra bites you. x2
The nine-headed hydra closely misses you.
The nine-headed hydra bites you!
* * * LOW HITPOINT WARNING * * *
The nine-headed hydra closely misses you.
The nine-headed hydra bites you!
* * * LOW HITPOINT WARNING * * *
The nine-headed hydra bites you but does no damage.
The nine-headed hydra bites you!
* * * LOW HITPOINT WARNING * * *
The nine-headed hydra bites you!
* * * LOW HITPOINT WARNING * * *
The kobold brigand hits you with a +0 short sword.
As you read the scroll of teleportation, it crumbles to dust.
You feel strangely unstable. The kobold brigand closely misses you.
The nine-headed hydra bites you!
You die...

......†..#......######...########
.......).#'###..# #######.....#
.######)##.###..# #..<........#
.#...+......+...##########......#
.#..>#......#...#P≈≈≈.').#..^...#
.##..###..###...#P≈≈≈≈#..##.#####
..#..###..####+##≈.≈)P##+##.#....
..#..))#.......o#D..†.#..#..#....
..#...)#.......c@K♣.♣.'..#..#....
..#...#.........#≈.♣..'..#..#....
..#####...##....#.♣.♣.'..#..#....
..# #...##....#.....#..#..#....
..# #....#....##########..#....
### #....#....##...##.....#....
..# #....#................#....
..# #....'................#....
..# ############.##########....


You could see a nine-headed hydra (ally target), a kobold brigand, a friendly
centaur (summoned) and a friendly orc wizard (summoned, invisible).

Vanquished Creatures
  A two-headed ogre (D:9)
  Joseph (D:7)
  2 dream sheep (D:9)
  3 yaks (D:9)
  A wyvern (D:9)
  2 basilisks (D:9)
  An acid dragon (D:9)
  4 water moccasins (D:9)
  2 black bears (D:5)
  2 ice beasts
  3 sky beasts
  3 centaurs
  An ogre (D:7)
  5 kobold brigands
  A gnoll sergeant (D:9)
  3 bullfrogs
  A wyvern zombie (D:7)
  3 scorpions (D:6)
  A wyvern skeleton (D:4)
  A water moccasin skeleton (D:4)
  13 killer bees
  2 wights (D:8)
  2 bullfrog zombies
  2 jellies
  5 centaur zombies
  Crazy Yiuf (D:7)
  An orc priest (D:7)
  5 hounds
  A centaur skeleton (D:4)
  5 iguanas
  3 orc wizards
  3 killer bee zombies
  A hound zombie (D:5)
  A howler monkey zombie (D:8)
  4 gnolls (D:9)
  A howler monkey skeleton (D:6)
  8 adders
  A white imp (D:6)
  An adder skeleton (D:4)
  A worm (D:2)
  A dart slug (D:3)
  20 orcs
  2 endoplasms (D:1)
  4 giant cockroaches (D:4)
  6 goblins
  7 hobgoblins
  5 jackals (D:3)
  2 quokkas
  10 ball pythons
  7 bats
  3 frilled lizards
  18 kobolds
  4 rats
191 creatures vanquished.

Vanquished Creatures (collateral kills)
  Harold (D:7)
  A yak (D:9)
  A wyvern (D:9)
  2 killer bees (D:9)
  A wight (D:8)
  2 centaur zombies (D:7)
  A bullfrog zombie (D:7)
9 creatures vanquished.

Vanquished Creatures (others)
  A bush (D:9)
  4 fungi (D:9)
  24 plants (D:9)
29 creatures vanquished.

Grand Total: 229 creatures vanquished

Notes
Turn   | Place    | Note
-------+----------+-------------------------------------------
     0 | D:1      | cayde69 the Deep Dwarf Fighter began the quest for the Orb.
     0 | D:1      | Reached XP level 1. HP: 20/20 MP: 1/1
   263 | D:1      | Reached XP level 2. HP: 27/27 MP: 2/2
   907 | D:2      | Reached XP level 3. HP: 24/33 MP: 3/3
  1038 | D:2      | Reached skill level 3 in Axes
  1339 | D:2      | Reached XP level 4. HP: 32/42 MP: 4/4
  1676 | D:3      | Reached skill level 4 in Axes
  2046 | D:4      | Reached skill level 1 in Dodging
  2046 | D:4      | Reached XP level 5. HP: 31/49 MP: 4/4
  2164 | D:4      | Reached skill level 5 in Axes
  2164 | D:4      | Found an ornate altar of the Wu Jian Council.
  2238 | D:4      | Reached XP level 6. HP: 30/56 MP: 3/3
  2496 | D:4      | Identified the +9 hand axe "Ogrebane" {holy, +Blink rC+}
  2536 | D:5      | Entered Level 5 of the Dungeon
  2552 | D:5      | Reached skill level 6 in Axes
  2838 | D:5      | Noticed a sky beast
  2848 | D:5      | Killed a sky beast
  2849 | D:5      | Reached skill level 5 in Armour
  2849 | D:5      | Reached XP level 7. HP: 49/62 MP: 3/3
  2871 | D:5      | Found Kyitz's Magic Scroll Shop.
  3042 | D:5      | Reached skill level 7 in Axes
  3065 | D:5      | Found a burning altar of Makhleb.
  3070 | D:5      | Became a worshipper of Makhleb the Destroyer
  3097 | D:5      | Found a glowing silver altar of Zin.
  3411 | D:6      | Found a staircase to the Ecumenical Temple.
  3605 | D:6      | Reached XP level 8. HP: 69/72 MP: 4/4
  3653 | D:6      | Reached skill level 8 in Axes
  3714 | D:6      | Found a shadowy altar of Dithmenos.
  4072 | D:6      | Identified the +7 rapier of the Puffin {freeze, rF+ rN+
                  | Will- Str+2}
  4131 | D:7      | Reached skill level 9 in Axes
  4142 | D:7      | Found a basalt altar of Yredelemnul.
  4142 | D:7      | Noticed Harold
  4158 | D:7      | Killed Harold
  4158 | D:7      | Reached * piety under Makhleb
  4159 | D:7      | Reached skill level 10 in Axes
  4159 | D:7      | Gained mutation: You passively map the area around you.
                  | [Deep Dwarf growth]
  4159 | D:7      | Reached XP level 9. HP: 71/79 MP: 4/4
  4292 | D:7      | Noticed Joseph
  4310 | D:7      | Killed Joseph
  4311 | D:7      | Reached skill level 1 in Stealth
  4311 | D:7      | Reached skill level 1 in Evocations
  4391 | D:7      | Reached skill level 11 in Axes
  4397 | D:7      | Reached skill level 5 in Fighting
  4453 | D:7      | Found a broken altar of Ashenzari.
  4571 | D:7      | Found a runed translucent door.
  4572 | D:7      | Noticed Crazy Yiuf
  4732 | D:7      | Killed Crazy Yiuf
  4733 | D:7      | Reached skill level 5 in Shields
  5157 | D:8      | Reached ** piety under Makhleb
  5302 | D:8      | Found an opulent altar of Gozag.
  5392 | D:8      | Reached skill level 1 in Earth Magic
  5392 | D:8      | Reached XP level 10. HP: 71/88 MP: 5/5
  5800 | D:9      | Reached skill level 1 in Spellcasting
  5861 | D:9      | Noticed a two-headed ogre
  5878 | D:9      | Killed a two-headed ogre
  5879 | D:9      | Reached skill level 12 in Axes
  6057 | D:9      | Found a staircase to the Lair.
  6076 | D:9      | Reached *** piety under Makhleb
  6415 | D:9      | Noticed a three-headed hydra
  6519 | D:9      | HP: 2/94 [nine-headed hydra (9)]
  6520 | D:9      | Slain by a nine-headed hydra

Illustrated notes

Levels and vault maps discovered:
D:1:      dpeg_arrival_pits, layout_loops_corners
D:2:      layout_rooms, hangedman_glass_teeth
D:3:      layout_rooms, minmay_misc_feat_four_crosses
D:4:      layout_rooms, marbit_many_paths, grunt_ministairs_8
D:5:      layout_loops_ring, lightli_temple_of_fire,
          mainiacjoe_overflow_alcove_1, serial_shops, shop,
          eino_small_chamber_without_monster
D:6:      layout_cave_pools, grunt_dithmenos_smoke,
          minmay_temple_entry_mini_moons
D:7:      layout_loops_ring, nicolae_yredelemnul_corpse_copse,
          ashenzari_conservatory_becter, uniq_joseph, uniq_crazy_yiuf_cottage,
          uniq_harold
D:8:      layout_rooms, nicolae_gozag_cash_rules_everything_around_me
D:9:      layout_gridville, minmay_lair_entry_grove, hangedman_ranch

Skill      XL: |  1  2  3  4  5  6  7  8  9 10 |
---------------+-------------------------------+-----
Fighting       | 3 4 5 7 |  7.2
Axes           | 3 4 5 6 7 10 11 12 | 12.6
Armour         | 4 5 7 8 |  8.6
Dodging        | 1 2 |  2.8
Shields        | 4 5 |  5.1
Stealth        | 1 |  1.1
Evocations     | 1 |  1.0
Earth Magic    | 1 4 |  4.2
Spellcasting   | 2 |  2.6

Action                   |  1- 3 |  4- 6 |  7- 9 | 10-12 || total
-------------------------+-------+-------+-------+-------++-------
Melee: War axe           |   124 |    98 |       |       ||   222
       Hand axe          |       |    18 |   248 |   116 ||   382
 Abil: Heal Wounds       |     1 |     8 |    10 |    21 ||    40
       Evoke Blink       |       |       |     1 |       ||     1
Evoke: Wand              |       |       |     2 |       ||     2
  Use: Scroll            |       |     1 |     6 |     5 ||    12
       Potion            |       |     1 |       |     1 ||     2
 Stab: Distracted        |       |       |     1 |     1 ||     2
Armor: Scale mail        |    43 |    57 |    89 |    54 ||   243
Dodge: Dodged            |    66 |    73 |    90 |    80 ||   309
Block: Buckler           |    29 |    35 |    51 |    44 ||   159
